 Dungeon Crawl Stone Soup version 0.30-a0-377-g5cb311bc9f (webtiles) character file.

Game seed: 3188399974852007581

56367 Hubris850 the Brawler (level 14, -1/121 HPs)
             Began as a Minotaur Berserker on Nov 28, 2022.
             Was a High Priest of Trog.
             Slain by a death yak (11 damage)
             ... on level 5 of the Lair of Beasts.
             The game lasted 00:48:41 (15886 turns).

Hubris850 the Brawler (Minotaur Berserker)         Turns: 15886, Time: 00:48:42

Health: -1/121     AC: 27    Str: 31    XL:     14   Next: 41%
Magic:  13/13      EV: 10    Int:  4    God:    Trog [*****.]
Gold:   1448       SH:  0    Dex: 10    Spells: 13/13 levels left

rFire   + . .      SeeInvis .      - Unarmed
rCold   + . .      Faith    .    (no shield)
rNeg    . . .      Spirit   .    P - +2 plate armour {rF+}
rPois   +          Reflect  .    C - +2 hat
rElec   .          Harm     .    s - scarf {repulsion}
rCorr   .          Rampage  .    Q - +2 pair of gloves {hurl}
Will    ++...                    T - +3 pair of mountain boots {steadfast, rC+}
Stlth   ..........               D - amulet of regeneration
HPRegen 1.20/turn                m - ring of poison resistance
MPRegen 0.13/turn                t - ring "Hakyne" {Will+ Str+4}

@: lethally poisoned (-1 -> -6), studying Staves, repel missiles
A: horns 2, retaliatory headbutt
a: Renounce Religion, Berserk, Trog's Hand, Brothers in Arms


You were on level 5 of the Lair of Beasts.
You worshipped Trog.
Trog was extremely pleased with you.
You visited 2 branches of the dungeon, and saw 17 of its levels.
You also visited: Sewer, Bailey, Gauntlet and Volcano.

You collected 1536 gold pieces.
You spent 88 gold pieces at shops.

Inventory:

Missiles
 j - 79 poisoned darts
 n - 7 curare-tipped darts
 v - 25 boomerangs (quivered)
 z - 3 throwing nets
 A - 9 javelins
Armour
 a - the +7 Kryia's mail coat {PotionHeal*2 rC+}
   (You found it on level 12 of the Dungeon)

   Potions are twice as effective at healing its wearer.
   rC:        It protects you from cold.
 i - a +2 cloak of preservation
 s - a scarf of repulsion (worn)
 C - a +2 hat (worn)
 E - the +0 plate armour of the Other Side {Str+3}
   (You found it in a Gauntlet)

   Str:       It affects your strength (+3).
 P - a +2 plate armour of fire resistance (worn)
 Q - a +2 pair of gloves of hurling (worn)
 T - the +3 pair of mountain boots (worn) {steadfast, rC+}
   (You found it in a bailey)

   It prevents involuntary movement, except for blinking, teleportation, or
   banishment.
   rC:        It protects you from cold.
Jewellery
 m - a ring of poison resistance (left hand)
 q - a ring of protection from cold
 t - the ring "Hakyne" (right hand) {Will+ Str+4}
   (You found it in a Gauntlet)

   [ring of willpower]

   Str:       It affects your strength (+4).
   Will:      It increases your willpower.
 D - an amulet of regeneration (around neck)
 M - an amulet of guardian spirit
 V - a +6 ring of strength
 W - a ring of flight
Wands
 c - a wand of acid (13)
 o - a wand of paralysis (10)
 u - a wand of digging (16)
 y - a wand of polymorph (7)
 B - a wand of flame (53)
 K - a wand of iceblast (14)
Scrolls
 d - 2 scrolls of enchant weapon
 f - a scroll of summoning
 h - 2 scrolls of fear
 p - 2 scrolls of enchant armour
 r - 3 scrolls of blinking
 G - 4 scrolls of silence
 I - 8 scrolls of butterflies
 J - 3 scrolls of immolation
 L - 4 scrolls of poison
 O - 7 scrolls of teleportation
Potions
 b - 4 potions of flight
 e - 5 potions of curing
 g - 5 potions of invisibility
 k - 2 potions of heal wounds
 l - 2 potions of attraction
 w - 3 potions of mutation
 x - 3 potions of lignification
 H - 4 potions of resistance
 R - 2 potions of magic
 S - a potion of haste
 U - a potion of ambrosia
 X - a potion of might
 Y - 3 potions of cancellation
Miscellaneous
 F - a box of beasts


   Skills:
 - Level 10.0 Fighting
 + Level 10.8 Throwing
 - Level 12.0 Armour
 - Level 8.0 Dodging
 + Level 19.3 Unarmed Combat
 - Level 5.0 Evocations


You had 13 spell levels left.
You didn't know any spells.
Your spell library was empty.

Dungeon Overview and Level Annotations

Branches:
Dungeon (12/15)            Temple (0/1) D:6            Lair (5/5) D:11
 Shoals (0/4) Lair:3       Spider (0/4) Lair:3        Slime (0/5) Lair:4
    Orc (0/2) D:10          Sewer (visited)          Bailey (visited)
Volcano (visited)         Gauntlet (visited)

Altars:
Gozag
Kikubaaqudgha
Nemelex Xobeh
Ru
Trog
Wu Jian
Yredelemnul
Jiyva

Shops:
D:7 (

Annotations:
D:12 2 transporters, sirJeffrey23's ghost, journeyman DrFE
Lair:4 exclusion: 3 oklob plants


Innate Abilities, Weirdness & Mutations

You have a pair of horns on your head.
You reflexively headbutt those who attack you in melee.


Message History

You miss the black mamba. Your headbutt misses the black mamba.
The black mamba is moderately wounded.
You feel very sick.
The black mamba bites you but does no damage.
The death yak gores you but does no damage.
The death yak gores you! The death yak gores you. The komodo dragon misses you.
Your ogre barely misses the death yak.
You closely miss the black mamba.
The black mamba is moderately wounded.
You feel very sick. The black mamba misses you.
You closely miss the black mamba. Your headbutt misses the black mamba.
The black mamba is moderately wounded.
You feel very sick.
The black mamba bites you but does no damage.
The death yak gores you!! The death yak gores you!
* * * LOW HITPOINT WARNING * * *
The death yak gores you.
* * * LOW HITPOINT WARNING * * *
Your ogre hits the death yak with a +0 giant spiked club!!!
The death yak dies!
Trog accepts your kill. The komodo dragon bites you.
* * * LOW HITPOINT WARNING * * *
The black mamba barely misses you. You furiously retaliate!
You headbutt the black mamba!
Unknown command.
As you read the scroll of fear, it crumbles to dust.
You assume a fearsome visage.
The black mamba resists with some effort.
The komodo dragon looks frightened!
The death yak looks frightened!
The death yak resists with some effort.
You feel very sick.
The black mamba bites you but does no damage.
The death yak gores you!
* * * LOW HITPOINT WARNING * * *
Your ogre hits the komodo dragon with a +0 giant spiked club!!
Unknown command.
The death yak attacks as you move away! The death yak gores you!
You die...

###....#..####..... .#
##...#†.###..##.. ..#
##..#....#..#... .#.#
#.P............. ...P.
#P.......##..^..
..P..####P.##.....#...#.
P.....#..l..#....#......
#.....†O............#.#.
#.....S@#........P..#.#.
......YY##......<.... ..
....#####............
... .#........P .. #
#.[...# ##... #..
.....###.. ....#.≈
###.....~


You could see 2 death yaks, a komodo dragon (fleeing, ally target), a black
mamba and a friendly ogre (summoned, berserk).

Vanquished Creatures
  Gastronok (Lair:2)
  A minotaur (Gauntlet)
  The ghost of indyram44 the Protected, a journeyman DsFi of Makhleb (Lair:1)
  3 hydras
  A two-headed ogre (D:12)
  A catoblepas (Lair:5)
  11 death yaks
  A deep troll shaman (Lair:5)
  A lindwurm (Lair:5)
  An oklob plant (Lair:3)
  An ugly thing (D:8)
  3 cyclopes
  Joseph (D:8)
  A black mamba (Lair:3)
  18 elephants
  A torpor snail (Gauntlet)
  A molten gargoyle (Volcano)
  2 gargoyles
  An unseen horror (D:12)
  5 cane toads
  Maggie (D:8)
  2 minotaur zombies (Gauntlet)
  An efreet (Volcano)
  A kobold demonologist (D:10)
  10 rime drakes
  8 komodo dragons
  6 trolls
  4 polar bears
  Prince Ribbit (D:8)
  The ghost of olddryhag the Chopper, an amateur DsGl (D:5)
  4 hornets
  11 blink frogs
  8 flying skulls (Gauntlet)
  Sigmund (D:3)
  A snapping turtle (Lair:3)
  2 shadows
  A wraith (D:9)
  9 wyverns
  A vampire (Bailey)
  A fire elemental (Volcano)
  Eustachio (D:5)
  5 fire bats (Volcano)
  36 yaks
  4 basilisks
  2 chaos spawn (Gauntlet)
  A neqoxec (Gauntlet)
  Edmund (D:5)
  2 acid dragons (D:10)
  5 water moccasins
  An ice beast (D:7)
  2 orc warriors
  2 black bears
  An ogre (D:6)
  3 sky beasts (D:6)
  4 wolves (Lair:5)
  3 centaurs
  A phantom (D:5)
  5 kobold brigands
  A necrophage (D:7)
  2 earth elementals (Volcano)
  9 bullfrogs
  6 scorpions
  A gnoll sergeant (D:7)
  8 wights
  A wyvern skeleton (D:5)
  7 killer bees
  An electric eel (Lair:3)
  8 vampire bats (Bailey)
  8 wolf zombies (Bailey)
  4 howler monkeys
  6 lava snakes (Volcano)
  9 orc priests
  2 hounds
  A gnoll bouda (D:5)
  2 jellies
  A bullfrog zombie (D:5)
  10 orc wizards
  3 iguanas
  15 hell rats
  Robin (D:2)
  12 gnolls
  8 adders
  2 river rats (Sewer)
  4 white imps
  5 worms
  4 dart slugs
  44 orcs
  11 bats
  5 endoplasms
  6 giant cockroaches
  7 hobgoblins
  11 jackals
  2 quokkas
  3 training dummies (D:7)
  9 ball pythons
  4 frilled lizards
  11 goblins
  26 kobolds
  17 orc zombies (Bailey)
  7 rats
513 creatures vanquished.

Vanquished Creatures (collateral kills)
  A stone giant (Volcano)
  A death yak (Lair:5)
  An elephant (Lair:3)
  A molten gargoyle (Volcano)
  10 yaks
14 creatures vanquished.

Vanquished Creatures (others)
  2 yaks (D:11)
  A black bear (D:11)
  An orc wizard (D:7)
  2 bushes (Lair:3)
  26 fungi
  52 plants
84 creatures vanquished.

Grand Total: 611 creatures vanquished

Notes
Turn   | Place    | Note
-------+----------+-------------------------------------------
     0 | D:1      | Hubris850 the Minotaur Berserker began the quest for the
                  | Orb.
     0 | D:1      | Reached XP level 1. HP: 19/19 MP: 0/0
   345 | D:1      | Reached XP level 2. HP: 27/27 MP: 1/1
   835 | D:1      | Reached XP level 3. HP: 14/33 MP: 2/2
  1400 | D:2      | Reached ** piety under Trog
  1479 | D:2      | Reached skill level 4 in Unarmed Combat
  1483 | D:2      | Noticed Robin
  1494 | D:2      | Reached XP level 4. HP: 23/40 MP: 3/3
  1496 | D:2      | Killed Robin
  2176 | D:3      | Found a glowing drain.
  2206 | Sewer    | Entered a sewer
  2219 | Sewer    | Reached XP level 5. HP: 31/46 MP: 4/4
  2325 | Sewer    | Reached *** piety under Trog
  2337 | Sewer    | Reached skill level 5 in Unarmed Combat
  2338 | Sewer    | Reached skill level 6 in Unarmed Combat
  2338 | Sewer    | Reached XP level 6. HP: 15/52 MP: 5/5
  2493 | Sewer    | Found a white marble altar of Elyvilon.
  2620 | D:3      | Noticed Sigmund
  2631 | D:3      | Killed Sigmund
  2632 | D:3      | Reached skill level 7 in Unarmed Combat
  3139 | D:4      | Reached skill level 1 in Throwing
  3139 | D:4      | Reached XP level 7. HP: 20/59 MP: 6/6
  3144 | D:4      | HP: 3/88 [orc wizard/magic dart (4)]
  3151 | D:4      | HP: 3/88 [dart slug/slug dart (2)]
  3164 | D:4      | HP: 3/88 [iguana (2)]
  3650 | D:4      | Reached **** piety under Trog
  3651 | D:4      | Reached skill level 8 in Unarmed Combat
  3986 | D:5      | Entered Level 5 of the Dungeon
  4252 | D:5      | Noticed Eustachio
  4265 | D:5      | Killed Eustachio
  4266 | D:5      | Reached XP level 8. HP: 66/66 MP: 7/7
  4355 | D:5      | Noticed Edmund
  4375 | D:5      | Killed Edmund
  4376 | D:5      | Reached skill level 9 in Unarmed Combat
  4484 | D:5      | Found an ancient bone altar of Kikubaaqudgha.
  4487 | D:5      | Found a sacrificial altar of Ru.
  4490 | D:5      | Found an opulent altar of Gozag.
  4642 | D:5      | Reached skill level 5 in Throwing
  4763 | D:5      | Found a runed translucent gate.
  4763 | D:5      | Found a runed translucent gate.
  4764 | D:5      | Found a runed translucent gate.
  4765 | D:5      | Noticed olddryhag's ghost (amateur DsGl)
  4782 | D:5      | Killed olddryhag's ghost
  4960 | D:6      | Reached skill level 10 in Unarmed Combat
  5048 | D:6      | Reached XP level 9. HP: 29/71 MP: 8/8
  5318 | D:6      | Found a staircase to the Ecumenical Temple.
  5523 | D:6      | Reached skill level 11 in Unarmed Combat
  5723 | D:7      | Found Miasamis's Firing Range.
  5768 | D:7      | Bought 5 boomerangs for 40 gold pieces
  5768 | D:7      | Bought 6 boomerangs for 48 gold pieces
  5791 | D:7      | Reached ***** piety under Trog
  5886 | D:7      | Reached skill level 5 in Armour
  5975 | D:7      | Found a basalt altar of Yredelemnul.
  6339 | D:8      | Found a flagged portal.
  6379 | Bailey   | Entered a bailey
  6426 | Bailey   | Noticed a gargoyle
  6432 | Bailey   | Killed a gargoyle
  6481 | Bailey   | Reached XP level 10. HP: 42/78 MP: 9/9
  6550 | Bailey   | Reached skill level 12 in Unarmed Combat
  6554 | Bailey   | Found the +3 pair of mountain boots {steadfast, rC+}
  6799 | D:8      | Noticed Maggie
  6807 | D:8      | Killed Maggie
  6879 | D:8      | Found a sparkling altar of Nemelex Xobeh.
  6946 | D:8      | Received a gift from Trog
  6994 | D:8      | Noticed Prince Ribbit
  7006 | D:8      | Killed Prince Ribbit
  7079 | D:8      | Noticed a cyan ugly thing
  7084 | D:8      | Killed a cyan ugly thing
  7085 | D:8      | Reached skill level 13 in Unarmed Combat
  7240 | D:8      | Paralysed by a hornet for 2 turns
  7265 | D:8      | Noticed Joseph
  7273 | D:8      | Killed Joseph
  7786 | D:9      | Reached skill level 14 in Unarmed Combat
  8192 | D:10     | Entered Level 10 of the Dungeon
  8199 | D:10     | Reached XP level 11. HP: 80/84 MP: 10/10
  8384 | D:10     | Reached skill level 15 in Unarmed Combat
  8473 | D:10     | Identified the +3 ring mail "Azosiemo" {rF+}
  8485 | D:10     | Found an ornate altar of the Wu Jian Council.
  8507 | D:10     | Reached skill level 1 in Evocations
  8824 | D:10     | Found a staircase to the Orcish Mines.
  9112 | D:11     | Found a staircase to the Lair.
  9826 | Lair:1   | Entered Level 1 of the Lair of Beasts
  9942 | Lair:1   | Reached skill level 16 in Unarmed Combat
  9953 | Lair:1   | HP: 3/84 [komodo dragon (20)]
  9955 | Lair:1   | Reached XP level 12. HP: 5/91 MP: 11/11
  9961 | Lair:1   | Reached skill level 5 in Evocations
 10295 | Lair:1   | Found a runed translucent door.
 10301 | Lair:1   | Noticed indyram44's ghost (journeyman DsFi)
 10820 | Lair:1   | Killed indyram44's ghost
 10821 | Lair:1   | Reached skill level 10 in Throwing
 11092 | Lair:2   | Noticed Gastronok
 11112 | Lair:2   | Killed Gastronok
 11263 | Lair:2   | Received a gift from Trog
 11478 | Lair:2   | Reached skill level 17 in Unarmed Combat
 11892 | Lair:3   | Noticed an eight-headed hydra
 11903 | Lair:3   | Killed an eight-headed hydra
 11932 | Lair:3   | Reached skill level 5 in Fighting
 11986 | Lair:3   | Reached skill level 5 in Dodging
 12045 | Lair:3   | Found a dark tunnel.
 12054 | Volcano  | Entered a volcano
 12203 | Volcano  | Found a burning altar of Makhleb.
 12229 | Volcano  | Noticed a stone giant
 12236 | Volcano  | Killed a stone giant
 12273 | Volcano  | Reached XP level 13. HP: 93/103 MP: 12/12
 12454 | Lair:3   | Reached skill level 10 in Armour
 12636 | D:12     | Found the +7 Kryia's mail coat {PotionHeal*2 rC+}
 12714 | D:12     | Noticed an ettin
 12719 | D:12     | Found a bloodstained altar of Trog.
 12720 | D:12     | Noticed sirJeffrey23's ghost (journeyman DrFE)
 12728 | D:12     | Found a transporter.
 12732 | D:12     | Found a gate leading to a gauntlet.
 12742 | Gauntlet | Entered a Gauntlet
 12742 | Gauntlet | Found a transporter.
 12749 | Gauntlet | Found a transporter.
 12751 | Gauntlet | Found a transporter.
 12755 | Gauntlet | Found a runed translucent door.
 12755 | Gauntlet | Found a runed translucent door.
 12765 | Gauntlet | Found a transporter.
 12767 | Gauntlet | Found a transporter.
 12786 | Gauntlet | Found a transporter.
 12793 | Gauntlet | Found a transporter.
 12803 | Gauntlet | Found a transporter.
 12813 | Gauntlet | Found a transporter.
 12854 | Gauntlet | Found a transporter.
 12948 | Gauntlet | Received a gift from Trog
 13056 | Gauntlet | Identified the ring "Hakyne" {Will+ Str+4}
 13076 | Gauntlet | Noticed a minotaur
 13082 | Gauntlet | Killed a minotaur
 13083 | Gauntlet | Reached skill level 18 in Unarmed Combat
 13102 | Gauntlet | Identified the +0 plate armour of the Other Side {Str+3}
 13295 | D:12     | Found a transporter.
 13700 | Lair:3   | Found a hole to the Spider Nest.
 14011 | Lair:3   | Found a staircase to the Shoals.
 14901 | Lair:4   | Reached XP level 14. HP: 118/118 MP: 13/13
 15172 | Lair:4   | Found a viscous altar of Jiyva.
 15174 | Lair:4   | Found a staircase to the Slime Pits.
 15425 | Lair:5   | Entered Level 5 of the Lair of Beasts
 15489 | Lair:5   | Reached skill level 10 in Fighting
 15575 | Lair:5   | Reached skill level 19 in Unarmed Combat
 15886 | Lair:5   | Slain by a death yak

Illustrated notes

Levels and vault maps discovered:
D:1:      erik_arrival_cave_to_civilisation [erik_arrival_cave_to_hall],
          layout_basic
D:2:      layout_basic, uniq_robin
D:3:      layout_loops_ring, gup_sewer_entry_glass, uniq_sigmund
D:4:      layout_cave_pools, saegor_snake_ambush
D:5:      layout_loops_ring, minitemple, gammafunk_ghost_necromancy,
          uniq_edmund, uniq_eustachio
D:6:      layout_cave_pools, temple_pool_b, kennysheep_generic_room_10
D:7:      layout_rooms, mainiacjoe_overflow_brackets, nicolae_shop_firing_range
D:8:      layout_gridville, kennysheep_little_box, enter_bailey_6, uniq_joseph,
          uniq_prince_ribbit1, uniq_maggie
D:9:      layout_roguey
D:10:     layout_roguey, old_standard_altar, minmay_misc_feat_alley,
          kennysheep_generic_room_14
D:11:     layout_loops_ring, due_lair_maze_entry_diamond, serial_rivers,
          chequers_serial_rivers_large_b, chequers_serial_rivers_room_b,
          chequers_serial_rivers_micro_d, chequers_serial_rivers_micro_d,
          chequers_serial_rivers_micro_c, chequers_serial_rivers_small_a
D:12:     layout_basic, gauntlet_entry_generic,
          gammafunk_ghost_wrathful_warriors
Lair:1:   layout_regular_city, ebering_ghost_reflecting_pool,
          grunt_forest_small_clearing_treed, serial_bayou_shore_b,
          infiniplex_staircase_pool_2
Lair:2:   layout_cave_pods, uniq_gastronok
Lair:3:   layout_roguey [special_room_mythical_zoo], minmay_shoals_entry_hut,
          nicolae_spider_entry_non_spiders, lightli_volcano_entry_magma_tube,
          nicolae_lair_grazing_beasts [nicolae_sub_lair_graze_edge,
          nicolae_sub_lair_graze_edge, nicolae_sub_lair_graze_edge,
          nicolae_sub_lair_graze_edge]
Lair:4:   layout_cave_shapes, minmay_slime_entry_oklob_enclosed
Lair:5:   grunt_lair_end_beastmaster, layout_loops_ring, lemuel_old_faithful,
          serial_bayou_shore_b

Skill      XL: |  1  2  3  4  5  6  7  8  9 10 11 12 13 14 |
---------------+-------------------------------------------+-----
Fighting       | 4 6 9 10 | 10.0
Armour         | 3 4 6 8 9 11 12 | 12.0
Dodging        | 3 5 8 |  8.0
Unarmed Combat | 4 6 7 8 10 11 14 16 17 18 19 | 19.3
Throwing       | 1 3 6 8 9 10 | 10.8
Evocations     | 4 5 |  5.0

Action                   |  1- 3 |  4- 6 |  7- 9 | 10-12 | 13-15 || total
-------------------------+-------+-------+-------+-------+-------++-------
Melee: Unarmed           |    92 |    91 |   344 |   610 |   425 ||  1562
       Headbutt          |     7 |    15 |    46 |   119 |   109 ||   296
       Punch             |     1 |     3 |    14 |    37 |    50 ||   105
Throw: Dart              |       |       |    20 |     9 |       ||    29
       Boomerang         |       |       |    37 |    22 |    44 ||   103
       Javelin           |       |       |       |     1 |       ||     1
Invok: Berserk           |     1 |     4 |     5 |     3 |     3 ||    16
       Brothers in Arms  |       |       |     1 |     2 |     4 ||     7
       Trog's Hand       |       |       |     1 |     2 |     1 ||     4
  Use: Scroll            |       |       |    13 |     9 |     5 ||    27
       Potion            |       |       |       |     1 |       ||     1
Armor: Animal skin       |     8 |       |       |       |       ||     8
       Leather armour    |     7 |    26 |    25 |       |       ||    58
       Ring mail         |       |       |    23 |       |       ||    23
       Plate armour      |       |       |    87 |   430 |   286 ||   803
Dodge: Dodged            |    43 |    68 |   142 |   236 |   197 ||   686
       Repelled          |       |       |     2 |     4 |     3 ||     9

Table legend: (Time is in decaauts)
 A = Elapsed time spent in this place.
 B = Non-inter-level travel time spent in this place.
 C = Inter-level travel time spent in this place.
 D = Time resting spent in this place.
 E = Time spent auto-exploring this place.
 F = Levels seen in this place.
 G = Mean time per level.
                   A        B        C        D        E       F      G
               +--------+--------+--------+--------+--------+-----+--------+
         Total |  15752 |  15048 |    704 |   1297 |   9922 |  21 |  750.1 |
       Dungeon |   9628 |   9161 |    467 |    626 |   6480 |  12 |  802.3 |
          Lair |   4693 |   4456 |    237 |    375 |   3178 |   5 |  938.6 |
         Sewer |    363 |    363 |      0 |    146 |    160 |   1 |  363.0 |
        Bailey |    394 |    394 |      0 |     40 |     26 |   1 |  394.0 |
       Volcano |    235 |    235 |      0 |     43 |     17 |   1 |  235.0 |
      Gauntlet |    436 |    436 |      0 |     65 |     60 |   1 |  436.0 |
               +--------+--------+--------+--------+--------+-----+--------+

Top non-repeatable levels by time:
     D:1: 1236 daAuts
  Lair:4: 1232 daAuts
  Lair:1: 1128 daAuts
  Lair:2: 1018 daAuts
    D:11: 1010 daAuts
     D:8: 975 daAuts
     D:5: 954 daAuts
     D:4: 906 daAuts
     D:2: 894 daAuts
  Lair:3: 893 daAuts
     D:6: 746 daAuts
     D:3: 671 daAuts
    D:10: 648 daAuts
     D:9: 552 daAuts
    D:12: 524 daAuts
